 Dungeon Crawl Stone Soup version bcrawl-1.31.4 (webtiles) character file.

Game seed: 8894300555730054108

578926 Morbidden the Covert (level 16, -33/101 HPs)
             Began as a Mana Stalker Archaeologist on May 21, 2021.
             Was the Champion of Dithmenos.
             Killed from afar by a thorn hunter (35 damage)
             ... with a volley of thorns
             ... on level 1 of the Swamp on May 24, 2021.
             The game lasted 00:56:11 (22656 turns).

Morbidden the Covert (Mana Stalker Archaeologist)  Turns: 22656, Time: 00:56:12

Health: -33/101    AC: 18    Str: 22    XL:     16   Next: 71%
Magic:  30/30      EV: 17    Int: 19    God:    Dithmenos [******]
Gold:   1901       SH: 12    Dex: 15    Spells: 24/34 levels left

rFire    . . .     SeeInvis +   a - +8 quick blade of Destruction {venom, Dex+3}
rCold    + . .     Gourm    .   q - +0 medium shield of Defence {Regen+}
rNeg     . . .     Faith    .   F - +4 troll leather armour
rPois    .         Spirit   .   P - +2 helmet
rElec    +         Reflect  +   A - +1 cloak of Niam {rElec}
rCorr    +         Harm     .   w - +1 pair of gloves {Str+3}
MR       ++++.                  D - +0 pair of boots of the Evil One {rC+ rCorr Str+2 SInv}
Stlth    ++++++++++             B - +2 amulet of reflection
HPRegen  1.46/turn              t - +3 ring of protection
MPRegen  0.22/turn              y - +4 ring of evasion

@: lethally poisoned (-33 -> -36), corroded, wreathed by umbra, studying 2
skills
A: fangs 3, magic resistance 3, regeneration 1, antimagic bite, no potion heal
3, rot immunity, strong jaws
a: Shadow Step, Shadow Form, Renounce Religion


You were on level 1 of the Swamp.
You worshipped Dithmenos.
Dithmenos was exalted by your worship.
You were very hungry.

You visited 6 branches of the dungeon, and saw 22 of its levels.
You also visited: Sewer, Gauntlet and Ice Cave.

You collected 2141 gold pieces.
You spent 240 gold pieces at shops.

Inventory:

Hand Weapons
 a - the +8 quick blade of Destruction (weapon) {venom, Dex+3}
   (You acquired it on level 2 of the Dungeon)

   It poisons the flesh of those it strikes.
   It affects your dexterity (+3).
 b - a +0 blowgun
 d - a +9 quick blade of venom
 S - a +2 double sword of holy wrath
Missiles
 f - 59 curare-tipped needles
 u - 450 poisoned needles
 Q - 499 poisoned tomahawks (quivered)
 Z - 302 javelins
Armour
 q - the +0 medium shield of Defence (worn) {Regen+}
   (You took it off a minotaur in a Gauntlet)

   It increases your rate of regeneration.
 w - a +1 pair of gloves of strength (worn)
 A - the +1 cloak of Niam (worn) {rElec}
   (You found it in a Gauntlet)

   It insulates you from electricity.
 D - the +0 pair of boots of the Evil One (worn) {rC+ rCorr Str+2 SInv}
   (You found it in a Gauntlet)

   It affects your strength (+2).
   It protects you from cold.
   It lets you see invisible.
   It provides partial protection from all sources of acid and corrosion.
 F - a +4 troll leather armour (worn)
 P - a +2 helmet (worn)
 V - a +3 leather armour of fire resistance
Jewellery
 t - a +3 ring of protection (left hand)
 y - a +4 ring of evasion (right hand)
 B - a +2 amulet of reflection (around neck)
 N - the cursed ring "Yduliu" {Fire *Drain +Blink Str+3}
   (You took it off a minotaur in a Gauntlet)

   [ring of fire]

   It enhances your fire magic.
   It affects your strength (+3).
   It protects you from fire.
   It makes you vulnerable to cold.
   It lets you blink.
   It causes draining when unequipped.
   It has a curse placed upon it.
 Y - the ring "Raofaoju" {Ice Int+2}
   (You found it in an ice cave)

   [ring of ice]

   It enhances your ice magic.
   It affects your intelligence (+2).
   It makes you vulnerable to fire.
   It protects you from cold.
Wands
 K - a wand of flame (62)
 L - a wand of iceblast (8)
 O - a wand of digging (5)
 T - a wand of paralysis (6)
 X - a wand of scattershot (11)
Scrolls
 c - 4 scrolls of magic mapping
 g - 10 scrolls of remove curse
 i - 4 scrolls of identify
 k - 10 scrolls of teleportation
 G - a scroll of fear
 M - 2 scrolls of enchant armour
 W - 2 scrolls of enchant weapon
Potions
 h - a potion of berserk rage
 j - 9 potions of brilliance
 l - 4 potions of heal wounds
 m - 8 potions of agility
 n - 2 potions of mutation {unknown}
 o - 4 potions of magic {unknown}
 r - 2 potions of cancellation {unknown}
 s - a potion of resistance {unknown}
 v - 2 potions of degeneration {unknown}
 x - 2 potions of might
 z - 4 potions of flight
 E - 2 potions of invisibility {unknown}
 H - 6 potions of ambrosia
 I - 3 potions of haste
 J - 6 potions of lignification
 R - 4 potions of curing
Miscellaneous
 p - a sack of spiders (inert)
 U - 2 phantom mirrors
Comestibles
 e - 26 rations {!d}


   Skills:
 * Level 12.2 Fighting
 * Level 11.7(12.1) Short Blades
 * Level 5.2(9.3) Long Blades
   Level 1.0 Maces & Flails
 + Level 1.7 Throwing
 + Level 5.0 Armour
 * Level 8.6 Dodging
 + Level 13.9 Stealth
 + Level 3.3 Shields
 * Level 9.8 Spellcasting
 * Level 10.0 Conjurations
 * Level 9.4 Hexes
 * Level 4.2 Charms
 * Level 4.4 Necromancy
 * Level 8.9 Invocations
 + Level 2.0 Evocations


You had 24 spell levels left.
You knew the following spells:

 Your Spells              Type           Power        Failure   Level  Hunger
a - Mana Rupture          Conj/Hex       #####.....   100%        7    ######.
b - Regeneration          Chrm/Necr      ####......   56%         3    None

Your spell library contained the following spells:

 Spells                   Type           Power        Failure   Level  Hunger
 Magic Dart               Conj           ####         2%          1    None
 Slow                     Hex            #####...     2%          1    None
 Searing Ray              Conj           #####...     3%          2    None
 Iskenderun's Mystic Bla  Conj           #####...     7%          3    None
 Dazzling Orbs            Conj/Hex       #####..      8%          3    None
 Confuse                  Hex            #####...     9%          3    None
 Infusion                 Chrm           ####....     24%         1    None
 Fulminant Prism          Conj/Hex       #####.....   24%         4    #......
 Stone Arrow              Conj/Erth      ####..       45%         3    None
 Flaming Arrows           Chrm/Fire      ###.....     65%         2    None
 Apportation              Tloc           #.....       80%         1    None
 Sandblast                Erth           #.....       80%         1    None
 Summon Butterflies       Summ           #.......     80%         1    None
 Yara's Violent Unravell  Hex/Tmut       ####......   88%         4    #......
 Passwall                 Tmut/Erth      #.......     90%         2    None
 Iskenderun's Battlesphe  Conj/Chrm      #####...     90%         5    ####...
 Call Canine Familiar     Summ           #.......     99%         3    None
 Irradiate                Conj/Tmut      ####......   99%         5    ####...
 Metabolic Englaciation   Hex/Ice        ####......   99%         5    ####...
 Summon Mana Viper        Hex/Summ       ####....     99%         5    ####...
 Petrify                  Tmut/Erth      #.........   100%        4    #......
 Summon Ice Beast         Ice/Summ       #.......     100%        4    #......
 Bolt of Magma            Conj/Fire/Erth ###.......   100%        5    ####...
 Bolt of Cold             Conj/Ice       ####......   100%        6    #####..
 Borgnjor's Vile Clutch   Necr/Erth      ###.......   100%        6    #####..
 Death Channel            Chrm/Necr      ####......   100%        6    #####..
 Freezing Cloud           Ice/Air        #.........   100%        6    #####..
 Ozocubu's Refrigeration  Ice            #.........   100%        6    #####..
 Simulacrum               Ice/Necr       ###.......   100%        6    #####..
 Statue Form              Tmut/Erth      #........    100%        6    #####..
 Summon Hydra             Summ           #.........   100%        6    #####..
 Monstrous Menagerie      Summ           #.........   100%        7    ######.


Dungeon Overview and Level Annotations

Branches:
Dungeon (12/12)            Temple (1/1) D:4            Lair (6/6) D:9
  Swamp (1/3) Lair:4       Spider (1/3) Lair:3        Slime (0/5) Lair:6
    Orc (1/1) D:9             Elf (0/3) Orc          Vaults (0/3) D:11
 Depths (0/5) D:12

Altars:
Ashenzari
Cheibriados
Dithmenos
Elyvilon
Fedhas
Gozag
Hepliaklqana
Kikubaaqudgha
Lugonu
Makhleb
Nemelex Xobeh
Okawaru
Qazlal
Ru
Sif Muna
Trog
Uskayaw
Vehumet
Wu Jian
Xom
Yredelemnul
Zin
The Shining One
Beogh
Jiyva

Shops:
D:4 *   Orc [[[%%

Portals:
Abyss: D:12

Annotations:
D:10 1 runed translucent door, Morbidden's ghost, novice DjWz
Lair:2 1 runed translucent door, yrara's ghost, journeyman DsFi Orc 3 runed translucent doors, Quickbrownfox's ghost, journeyman DsAc


Innate Abilities, Weirdness & Mutations

You have razor-sharp teeth.
You are extremely resistant to the effects of hostile enchantments. (MR+++)
Your natural rate of healing is unusually fast.
Your bite disrupts and absorbs the magic of your enemies.
Potions cannot restore your health.
You are immune to rotting.
Your bites deal extra damage.


Message History

The alligator is engulfed in poison gas.
The alligator is poisoned.
No path to travel!
No path to travel!
No path to travel!
No path to travel!
No path to travel!
You hit the alligator.
The alligator looks more poisoned.
You bite the alligator, but do no damage.
The alligator is lightly wounded.
You are engulfed in poison gas.
You are more poisoned.
* * * LOW HITPOINT WARNING * * *
You feel sick. The goliath frog hits you from afar!!
* * * LOW HITPOINT WARNING * * *
The acid corrodes you!
You are splashed with acid.
You resist.
* * * LOW HITPOINT WARNING * * *
The thorn hunter fires a volley of thorns at you.
The volley of thorns hits you!!
You die...

≈≈.>.≈≈ ♣.♣§.≈≈≈♣ .....≈≈
♣.≈≈.≈≈≈♣ ≈≈≈≈...
♣≈...≈≈.♣ ≈≈≈≈≈..
♣≈≈≈≈≈≈.♣ ≈≈≈fi≈.♣♣
♣.....≈≈♣♣ ≈≈≈≈≈≈≈.♣
♣.≈♣.♣...♣ ≈≈≈≈≈≈≈.♣
♣.≈≈.♣≈≈.♣ ≈≈.≈≈≈F.♣♣
♣.≈.♣♣≈♣.♣ .>..≈≈°t@♣♣
♣.≈.♣♣≈≈≈♣ ♣
....≈.°°♣°♣♣♣≈≈.♣♣...♣ ♣♣
...≈♣.°♣♣°○.♣...♣♣♣..♣♣♣.
..≈♣≈≈.≈..≈..P♣♣.♣♣≈..♣♣.
..♣....≈≈≈♣≈≈PP.♣♣♣≈♣≈.♣.
..♣♣≈§≈.≈PPPPPP♣♣ ♣.≈♣..♣
♣♣♣≈≈≈PP≈♣PP♣ ♣.≈♣.♣.
♣.≈♣♣♣≈≈≈.♣ ♣≈...♣. ♣..
♣♣.≈.♣ ♣.≈♣...


You could see a thorn hunter, an alligator, a spriggan rider and a goliath frog.

Vanquished Creatures
  Jorgrun (D:11)
  Donald (Orc)
  A frost giant (IceCv)
  Aizul (Swamp:1)
  A minotaur (Gauntlet)
  Snorg (D:11)
  Josephine (Orc)
  A yaktaur captain (D:12)
  6 hydras
  Fannar (D:11)
  A death knight (D:11)
  3 ogre magi
  6 centaur warriors
  4 catoblepae (Lair:6)
  7 death yaks
  Psyche (D:8)
  A queen ant (D:10)
  17 two-headed ogres
  A deep elf knight (D:11)
  Nergalle (Orc)
  2 deep trolls (Orc)
  3 unseen horrors (D:11)
  A skeletal warrior (D:11)
  3 sixfirhies (Gauntlet)
  2 swamp dragons (Swamp:1)
  A wizard (D:9)
  A deep elf archer (D:9)
  A phantasmal warrior (D:11)
  An orc knight (Orc)
  7 cyclopes
  5 deep elf magi (D:11)
  3 manticores
  3 large abominations (Gauntlet)
  5 ugly things
  3 black mambas
  7 will-o'-wisps
  4 centaur zombies
  A black mamba (shapeshifter) (D:9)
  5 elephants (Lair:2)
  Joseph (D:8)
  3 gargoyles
  An ice statue (IceCv)
  11 cane toads
  A torpor snail (Lair:5)
  9 rime drakes
  2 yaktaurs
  A kobold demonologist (D:8)
  9 komodo dragons
  2 ice devils (Lair:2)
  16 polar bears
  2 jumping spiders (Lair:3)
  15 trolls
  Maurice (D:9)
  Prince Ribbit (D:6)
  A tengu conjurer (D:12)
  A wolf spider simulacrum (D:12)
  11 blink frogs
  11 hippogriffs
  A harpy skeleton (D:11)
  6 wraiths
  Sigmund (D:2)
  A centaur simulacrum (D:9)
  A spriggan (D:8)
  Eustachio (D:6)
  2 vampires
  6 wyverns
  4 redbacks
  A ynoxinul (Gauntlet)
  9 basilisks
  61 yaks
  5 wargs
  12 water moccasins
  A hell hound (Lair:4)
  An acid dragon (D:9)
  12 crocodiles
  6 porcupines
  16 orc warriors
  4 soldier ants (D:10)
  2 hornet zombies (D:12)
  2 ice beasts
  A sky beast (D:6)
  6 small abominations (Gauntlet)
  A necrophage (D:12)
  24 ogres
  A phantom (D:9)
  A boggart (D:11)
  5 centaurs
  17 wolves
  5 big kobolds
  9 bullfrogs
  A gnoll sergeant (D:9)
  A scorpion (D:4)
  12 wights
  3 killer bees (D:10)
  A howler monkey (D:6)
  9 crimson imps
  A bullfrog zombie (D:5)
  5 hounds
  11 jellies (Lair:6)
  11 orc priests
  3 iron imps
  23 orc wizards
  5 centaur skeletons
  4 iguanas
  17 worker ants
  2 killer bee zombies
  2 hound zombies
  A worker ant zombie (D:5)
  6 gnolls
  8 adders
  A shadow imp (D:9)
  5 oozes
  An adder zombie (D:9)
  An adder skeleton (D:2)
  9 worms
  6 dart slugs
  4 leopard geckos
  62 orcs
  4 ball pythons
  5 giant cockroaches
  7 goblins
  8 hobgoblins
  8 jackals
  34 kobolds
  6 quokkas
  8 bats
  3 frilled lizards
  A jackal zombie (D:5)
  11 rats
  A rat zombie (D:7)
750 creatures vanquished.

Vanquished Creatures (collateral kills)
  A catoblepas (Lair:4)
  2 big kobolds (D:11)
3 creatures vanquished.

Vanquished Creatures (others)
  A death knight (D:11)
  An unseen horror (D:11)
  A yaktaur (D:11)
  A freezing wraith (D:11)
  A polar bear (IceCv)
  2 orcs
  7 fungi
  A lurking horror (D:12)
  26 plants
41 creatures vanquished.

Grand Total: 794 creatures vanquished

Notes
Turn   | Place    | Note
-------+----------+-------------------------------------------
     0 | D:1      | Morbidden the Vine Stalker Archaeologist began the quest
                  | for the Orb.
     0 | D:1      | Reached XP level 1. HP: 11/11 MP: 2/2
   207 | D:1      | Reached XP level 2. HP: 16/16 MP: 3/3
   250 | D:1      | Reached skill level 5 in Stealth
   335 | D:1      | Reached skill level 1 in Maces & Flails
   442 | D:1      | Reached XP level 3. HP: 20/20 MP: 4/4
   822 | D:2      | Found a shadowy altar of Dithmenos.
   872 | D:2      | Reached skill level 1 in Fighting
  1085 | D:2      | Found a snail-covered altar of Cheibriados.
  1086 | D:2      | Reached XP level 4. HP: 16/25 MP: 5/5
  1217 | D:2      | Reached skill level 1 in Short Blades
  1282 | D:2      | Noticed Sigmund
  1314 | D:2      | Killed Sigmund
  1315 | D:2      | Reached XP level 5. HP: 27/32 MP: 6/6
  1315 | D:2      | Gained mutation: You have razor-sharp teeth. [Vine Stalker
                  | growth]
  1315 | D:2      | Reached XP level 6. HP: 31/36 MP: 7/7
  1315 | D:2      | Identified a scroll of acquirement
  1318 | D:2      | Identified the +8 quick blade of Destruction {venom, Dex+3}
                  | (You acquired it on level 2 of the Dungeon)
  1318 | D:2      | Identified the ring of the Scarab {+Fly rF+ MR++ Int-5
                  | Stlth+} (You acquired it on level 2 of the Dungeon)
  2053 | D:3      | Found a white marble altar of Elyvilon.
  2218 | D:3      | Reached skill level 6 in Stealth
  2547 | D:4      | Reached XP level 7. HP: 42/42 MP: 8/8
  2591 | D:4      | Found Dagy's General Store.
  2599 | D:4      | Bought a scroll of magic mapping for 38 gold pieces
  2636 | D:4      | Found a glowing drain.
  2669 | Sewer    | Entered a sewer
  3500 | D:4      | Found a staircase to the Ecumenical Temple.
  3753 | Temple   | Entered the Ecumenical Temple
  4073 | D:2      | Became a worshipper of Dithmenos the Shadowed
  4145 | D:5      | Entered Level 5 of the Dungeon
  4194 | D:5      | Found a sparkling altar of Nemelex Xobeh.
  4202 | D:5      | Noticed a troll
  4217 | D:5      | Killed a troll
  4218 | D:5      | Reached skill level 1 in Armour
  4218 | D:5      | Reached skill level 7 in Stealth
  4218 | D:5      | Reached skill level 1 in Invocations
  4218 | D:5      | Gained mutation: Your bite disrupts and absorbs the magic
                  | of your enemies. [Mana Stalker growth]
  4218 | D:5      | Gained mutation: You are resistant to hostile enchantments.
                  | (MR+) [Mana Stalker growth]
  4218 | D:5      | Reached XP level 8. HP: 17/48 MP: 8/9
  4450 | D:5      | Found a corrupted altar of Lugonu.
  4789 | D:5      | Got a buzzing flail
  4790 | D:5      | Found a glowing golden altar of the Shining One.
  4830 | D:5      | Found a sacrificial altar of Ru.
  4976 | D:6      | Reached skill level 5 in Short Blades
  5054 | D:6      | Noticed a gargoyle
  5241 | D:6      | HP: 2/48 [bullfrog (3)]
  5482 | D:7      | Reached skill level 8 in Stealth
  5546 | D:7      | Reached * piety under Dithmenos
  5550 | D:7      | Found a radiant altar of Vehumet.
  5664 | D:7      | Found a snail-covered altar of Cheibriados.
  6045 | D:7      | Found an ancient bone altar of Kikubaaqudgha.
  6090 | D:8      | Noticed a troll
  6096 | D:8      | Reached XP level 9. HP: 52/52 MP: 11/11
  6102 | D:8      | Killed a troll
  6117 | D:8      | Learned a level 7 spell: Mana Rupture
  6342 | D:8      | Noticed Psyche
  6343 | D:8      | Noticed a centaur warrior
  6358 | D:8      | Killed a centaur warrior
  6359 | D:8      | Reached skill level 5 in Fighting
  6359 | D:8      | Reached skill level 1 in Spellcasting
  6359 | D:8      | Reached skill level 1 in Conjurations
  6359 | D:8      | Reached skill level 1 in Hexes
  6365 | D:8      | Killed Psyche
  6427 | D:8      | Found a hazy altar of Hepliaklqana.
  6430 | D:8      | Noticed Joseph
  6436 | D:8      | Killed Joseph
  6437 | D:8      | Reached XP level 10. HP: 60/60 MP: 12/14
  6526 | D:8      | Found a burning altar of Makhleb.
  6577 | D:8      | Reached skill level 9 in Stealth
  6599 | D:8      | Noticed a gargoyle
  6879 | D:6      | Killed a gargoyle
  6880 | D:6      | Reached skill level 1 in Evocations
  6898 | D:6      | Reached ** piety under Dithmenos
  7083 | D:6      | Noticed Eustachio
  7087 | D:6      | Noticed Prince Ribbit
  7107 | D:6      | Killed Eustachio
  7118 | D:6      | Killed Prince Ribbit
  7535 | D:8      | Noticed a two-headed ogre
  7537 | D:8      | Noticed a kobold demonologist
  7546 | D:8      | Killed a two-headed ogre
  7552 | D:8      | Killed a kobold demonologist
  7594 | D:8      | Killed a gargoyle
  7860 | D:9      | Reached XP level 11. HP: 66/66 MP: 16/16
  7885 | D:9      | Found a staircase to the Lair.
  8001 | D:9      | Noticed a cyclops
  8012 | D:9      | Killed a cyclops
  8053 | D:9      | Noticed Maurice
  8067 | D:9      | Killed Maurice
  8105 | D:9      | Found a staircase to the Orcish Mines.
  8171 | D:9      | Reached *** piety under Dithmenos
  8500 | D:9      | Found a shattered altar of Ashenzari.
  8513 | D:9      | Noticed a wizard
  8514 | D:9      | Noticed a cyclops
  8536 | D:9      | Killed a wizard
  8537 | D:9      | Reached skill level 5 in Invocations
  8548 | D:9      | Killed a cyclops
  8556 | D:9      | Reached skill level 10 in Stealth
  8591 | D:9      | Noticed a two-headed ogre
  8600 | D:9      | Killed a two-headed ogre
  8647 | D:9      | Noticed a deep elf archer
  8671 | D:9      | Killed a deep elf archer
  8672 | D:9      | Reached skill level 5 in Conjurations
  8888 | D:10     | Entered Level 10 of the Dungeon
  8908 | D:10     | Noticed a queen ant
  8922 | D:10     | Reached **** piety under Dithmenos
  8930 | D:10     | Killed a queen ant
  8931 | D:10     | Reached skill level 5 in Dodging
  8938 | D:10     | Reached skill level 5 in Hexes
  8962 | D:10     | Gained mutation: You are highly resistant to hostile
                  | enchantments. (MR++) [Mana Stalker growth]
  8962 | D:10     | Reached XP level 12. HP: 74/74 MP: 19/19
  9049 | D:10     | Noticed a centaur warrior
  9061 | D:10     | Killed a centaur warrior
  9272 | D:10     | Noticed a two-headed ogre
  9280 | D:10     | Killed a two-headed ogre
  9559 | D:10     | Noticed a centaur warrior
  9567 | D:10     | Killed a centaur warrior
  9603 | D:10     | Found a runed translucent door.
  9607 | D:10     | Noticed Morbidden's ghost (novice DjWz)
  9708 | D:10     | Reached skill level 11 in Stealth
  9982 | D:11     | Reached skill level 5 in Spellcasting
 10098 | D:11     | Reached ***** piety under Dithmenos
 10100 | D:11     | Noticed a death knight
 10126 | D:11     | Noticed a deep elf knight
 10186 | Lair:1   | Entered Level 1 of the Lair of Beasts
 10681 | Lair:1   | Reached XP level 13. HP: 80/80 MP: 22/22
 10798 | Lair:1   | Reached skill level 1 in Long Blades
 11152 | Lair:2   | Found a runed translucent door.
 11153 | Lair:2   | Noticed yrara's ghost (journeyman DsFi)
 11198 | Lair:2   | Reached skill level 10 in Short Blades
 11397 | Lair:2   | Found a frozen archway.
 11437 | IceCv    | Entered an ice cave
 11703 | IceCv    | Reached skill level 12 in Stealth
 11936 | IceCv    | Reached skill level 1 in Throwing
 11959 | IceCv    | Reached ****** piety under Dithmenos
 12080 | IceCv    | Noticed a frost giant
 12233 | IceCv    | Killed a frost giant
 12234 | IceCv    | Reached skill level 10 in Fighting
 12285 | IceCv    | Got a faintly glowing copper ring
 12305 | IceCv    | Identified the ring "Raofaoju" {Ice Int+2} (You found it in
                  | an ice cave)
 13039 | Lair:3   | Found a gate leading to a gauntlet.
 13053 | Gauntlet | Entered a Gauntlet
 13053 | Gauntlet | Found a transporter.
 13053 | Gauntlet | Found a transporter.
 13058 | Gauntlet | Found a transporter.
 13058 | Gauntlet | Found a transporter.
 13069 | Gauntlet | Found a transporter.
 13069 | Gauntlet | Found a transporter.
 13078 | Gauntlet | Found a transporter.
 13078 | Gauntlet | Found a transporter.
 13101 | Gauntlet | Found a transporter.
 13115 | Gauntlet | Found a transporter.
 13135 | Gauntlet | Found a transporter.
 13151 | Gauntlet | Found a transporter.
 13186 | Gauntlet | Found a transporter.
 13201 | Gauntlet | Found a transporter.
 13300 | Gauntlet | Found a transporter.
 13317 | Gauntlet | Found a transporter.
 13563 | Gauntlet | Reached XP level 14. HP: 56/88 MP: 24/24
 13580 | Gauntlet | Got a heavily runed cloak
 13582 | Gauntlet | Identified the +1 cloak of Niam {rElec} (You found it in a
                  | Gauntlet)
 13663 | Gauntlet | Got a pair of masterwork boots
 13674 | Gauntlet | Identified the cursed +0 pair of boots of the Evil One {rC+
                  | rCorr Str+2 SInv} (You found it in a Gauntlet)
 13690 | Gauntlet | Identified the cursed +0 medium shield of Defence {Regen+}
 13690 | Gauntlet | Identified the cursed ring "Yduliu" {Fire *Drain +Blink
                  | Str+3}
 13761 | Gauntlet | Identified Sif Muna's Grimoire of the Mountains
 13769 | Gauntlet | Identified the Grimoire of Self-Improvement
 13819 | Lair:3   | Learned a level 3 spell: Regeneration
 14028 | Lair:3   | Reached skill level 1 in Charms
 14351 | Lair:3   | Found a hole to the Spider Nest.
 14468 | Lair:3   | Reached skill level 1 in Necromancy
 14680 | Spider:1 | Entered Level 1 of the Spider Nest
 14689 | Spider:1 | Noticed an entropy weaver
 14994 | Lair:4   | Found a staircase to the Swamp.
 15123 | Lair:4   | Reached skill level 1 in Shields
 16629 | Lair:6   | Entered Level 6 of the Lair of Beasts
 16768 | Lair:6   | Reached skill level 13 in Stealth
 16797 | Lair:6   | Reached XP level 15. HP: 79/94 MP: 28/28
 17070 | Lair:6   | Reached skill level 5 in Armour
 17242 | Lair:6   | Found a staircase to the Slime Pits.
 17242 | Lair:6   | Found a viscous altar of Jiyva.
 18211 | D:11     | Noticed Jorgrun
 18397 | D:11     | Identified the +10 plate armour of the Hurricane {+Blink
                  | Int+4 Dex+7 Stlth-}
 18577 | D:11     | Identified the ring of Suspected Treachery {+Fly rPois
                  | Int+6 Dex+2} (You acquired it on level 11 of the Dungeon)
 18577 | D:11     | Identified the Reference Book on Supportive Ice (You
                  | acquired it on level 11 of the Dungeon)
 18873 | D:11     | Noticed Fannar
 18941 | D:11     | Killed Fannar
 18953 | D:11     | Killed Jorgrun
 19017 | D:11     | Found a gate to the Vaults.
 19090 | D:11     | Noticed Snorg
 19104 | D:11     | Killed Snorg
 19281 | D:11     | Identified the +5 ring mail of Untold Secrets {Int+7}
 19599 | D:12     | Entered Level 12 of the Dungeon
 19694 | D:12     | Gained mutation: You are extremely resistant to the effects
                  | of hostile enchantments. (MR+++) [Mana Stalker growth]
 19694 | D:12     | Reached XP level 16. HP: 101/101 MP: 30/30
 19764 | D:12     | Found a corrupted altar of Lugonu.
 19764 | D:12     | Found a one-way gate to the infinite horrors of the Abyss.
 19833 | D:12     | Found a white marble altar of Elyvilon.
 20571 | D:12     | Found a staircase to the Depths.
 20847 | Orc      | Entered the Orcish Mines
 20891 | Orc      | Found Cowet's Armour Emporium.
 20909 | Orc      | Noticed Nergalle
 20916 | Orc      | Killed Nergalle
 20960 | Orc      | Found a staircase to the Elven Halls.
 20978 | Orc      | Noticed Josephine
 21002 | Orc      | Noticed Donald
 21103 | Orc      | Reached skill level 5 in Long Blades
 21296 | Orc      | Killed Donald
 21433 | Orc      | Found Adghoug's Food Emporium.
 21435 | Orc      | Found Piec's Food Shop.
 21438 | Orc      | Found Hideku's Antique Armour Shoppe.
 21439 | Orc      | Found Gioku's Armour Emporium.
 21484 | Orc      | Bought a pair of embroidered gloves for 202 gold pieces
 21505 | Orc      | Killed Josephine
 21631 | Orc      | Found a runed translucent gate.
 21631 | Orc      | Found a runed translucent gate.
 21631 | Orc      | Found a runed translucent gate.
 21631 | Orc      | Identified the cursed +3 rapier of Joyful Slaughter
                  | {distort, rC+}
 21631 | Orc      | Noticed Quickbrownfox's ghost (journeyman DsAc)
 21634 | Orc      | Found an iron altar of Okawaru.
 21691 | Orc      | Found a roughly hewn altar of Beogh.
 22027 | Orc      | Upgraded the game from bcrawl-1.31.3 to bcrawl-1.31.4
 22427 | Swamp:1  | Entered Level 1 of the Swamp
 22434 | Swamp:1  | Noticed Aizul
 22445 | Swamp:1  | Killed Aizul
 22486 | Swamp:1  | Reached skill level 10 in Conjurations
 22650 | Swamp:1  | Noticed a thorn hunter
 22656 | Swamp:1  | HP: 2/101 [acid (4)]
 22656 | Swamp:1  | Killed from afar by a thorn hunter

Skill      XL: |  1  2  3  4  5  6  7  8  9 10 11 12 13 14 15 16 |
---------------+-------------------------------------------------+-----
Stealth        | 5 6 7 8 9 10 11 12 13 | 13.9
Maces & Flails | 1 |  1.0
Dodging        | 4 5 6 7 8 |  8.6
Fighting       | 1 2 3 4 5 6 8 9 10 11 12 | 12.2
Short Blades   | 2 3 4 6 7 8 9 10 11 | 11.7
Armour         | 1 2 3 4 5 |  5.0
Invocations    | 1 2 3 4 5 6 7 8 |  8.9
Spellcasting   | 2 3 4 5 6 8 9 |  9.8
Conjurations   | 2 4 5 6 7 8 9 10 | 10.0
Hexes          | 2 3 5 6 7 8 9 |  9.4
Evocations     | 1 2 |  2.0
Long Blades    | 3 4 5 |  5.2
Throwing       | 1 |  1.7
Charms         | 1 3 4 |  4.2
Necromancy     | 2 3 4 |  4.4
Shields        | 1 2 3 |  3.3

Action                   |  1- 3 |  4- 6 |  7- 9 | 10-12 | 13-15 | 16-18 || total
-------------------------+-------+-------+-------+-------+-------+-------++-------
Melee: Whip              |    40 |       |       |       |       |       ||    40
       Bite              |     9 |    16 |    55 |   236 |   569 |   160 ||  1045
       Dagger            |    73 |    42 |       |       |       |       ||   115
       Quick blade       |       |    68 |   227 |   624 |  1477 |   423 ||  2819
 Fire: Blowgun           |     8 |    14 |     2 |    11 |    50 |    22 ||   107
Throw: Tomahawk          |       |       |       |     5 |    53 |     7 ||    65
Invok: Shadow Step       |       |       |       |       |    10 |       ||    10
       Shadow Form       |       |       |       |       |     1 |       ||     1
Evoke: Wand              |       |       |     4 |     7 |    18 |     3 ||    32
       Sack of spiders   |       |       |       |       |     1 |     2 ||     3
  Use: Scroll            |       |     6 |     7 |     5 |    23 |     4 ||    45
       Potion            |       |       |       |       |     1 |     2 ||     3
 Stab: Sleeping          |     6 |     8 |    14 |    24 |    49 |    17 ||   118
       Distracted        |       |       |     1 |     5 |     8 |     2 ||    16
       Petrified         |       |       |       |       |     2 |       ||     2
  Eat: Chunk             |     3 |     6 |    11 |    17 |    40 |    12 ||    89
       Ration            |       |       |     1 |       |     1 |       ||     2
Armor: Robe              |    25 |    14 |       |       |       |       ||    39
       Leather armour    |       |       |    12 |       |       |       ||    12
       Scale mail        |       |       |    22 |    20 |       |       ||    42
       Acid dragon scale |       |       |       |    15 |       |       ||    15
       Troll leather arm |       |       |       |    29 |   208 |    63 ||   300
Dodge: Dodged            |    48 |    36 |    80 |   254 |   624 |   180 ||  1222
       Deflected         |       |       |     5 |     6 |     1 |       ||    12
Block: Medium shield     |       |       |       |       |   215 |   145 ||   360
       Reflection        |       |       |       |       |     8 |     6 ||    14
